 Seeded DCSS version 0.32-a0-306-gfed3edf829 (webtiles) character file.

Game seed: 14894158512444251623 (custom seed)

331 timneilson the Ruffian (level 6, 0/41 HPs)
             Began as an Octopode Shapeshifter on Feb 14, 2024.
             Slain by an orc wizard
             ... wielding a +2 dagger of venom
              (7 damage)
             ... on level 4 of the Dungeon.
             The game lasted 00:06:19 (2296 turns).

timneilson the Ruffian (Octopode Shapeshifter)      Turns: 2296, Time: 00:06:19

Health: 0/41       AC:  1    Str: 19    XL:     6   Next: 52%
Magic:  6/6        EV: 19    Int: 12    God:
Gold:   119        SH:  0    Dex: 11    Spells: 5/5 levels left

rFire   . .          .
                       - Unarmed
rCold   . . .        (no shield)
rNeg    . . .        (helmet currently unavailable)
rPois   .            (no amulet)
rElec   .            j - ring of Lies {+Blink rCorr EV+5 Str+3}
rCorr   +            (no ring)
SInv    .            (no ring)
Will    .....        (no ring)
Stlth   +++          (no ring)
HPRegen 0.26/turn    (no ring)
MPRegen 0.10/turn    (no ring)
                     (no ring)

%: no passive effects
@: lethally poisoned (0 -> -22), beast-form, studying Dodging
A: beast (slay +2), almost no armour, amphibious, 8 rings, camouflage 1,
gelatinous body 1, (nimble swimmer 1), tentacles
a: Begin Untransformation, Evoke Blink


You were on level 4 of the Dungeon.
You were a hulking beast.
You visited 1 branch of the dungeon, and saw 4 of its levels.

You collected 119 gold pieces.

Inventory:

Jewellery
 j - the ring of Lies (left tentacle) {+Blink rCorr EV+5 Str+3}
   (You acquired it on level 2 of the Dungeon)

   [ring of evasion]

   EV+5:      It affects your evasion (+5).
   Str+3:     It affects your strength (+3).
   +Blink:    It lets you blink.
   rCorr:     It protects you from acid and corrosion.
 u - a ring of fire
Talismans
 b - a beast talisman (active)
 c - a flux talisman
Wands
 e - a wand of quicksilver (6)
 n - a wand of paralysis (10)
 o - a wand of flame (17)
Potions
 a - 2 potions of lignification
 d - a potion of enlightenment
 f - a potion of might
 g - a potion of ambrosia {unknown}
 i - a potion of heal wounds {unknown}
 k - a potion of curing {unknown}
 q - 2 potions of attraction


   Skills:
 * Level 2.9 Fighting
 * Level 4.0 Dodging
 + Level 2.7 Stealth
 * Level 4.1 Unarmed Combat
 + Level 1.3 Evocations
 * Level 4.0 Shapeshifting


You had 5 spell levels left.
You didn't know any spells.
Your spell library was empty.

Dungeon Overview and Level Annotations

Branches:
Dungeon (4/15)
 Temple: D:4-7

Altars:
Trog


Innate Abilities, Weirdness & Mutations

You are a hulking beast.
Your limbs bulge with bestial killing power. (Slay +2)
You cannot wear most types of armour.
You are amphibious.
You can wear up to eight rings at the same time.
Your skin changes colour to match your surroundings (Stealth+).
Your rubbery body absorbs attacks. (AC +1, EV +1)
((You are camouflaged when in or above water. (Stealth+)))
You have tentacles for arms and can constrict up to eight enemies at once.


Message History

A kobold comes into view. It is wielding a +0 whip.
The kobold shouts!
You kill the orc!
An orc wizard comes into view. It is wielding a +2 dagger of venom.
You throw a poisoned dart. The poisoned dart hits the orc.
The orc is poisoned.
The orc wizard casts a spell.
The orc wizard flickers and vanishes!
Deactivating autopickup; reactivate with Ctrl-A.
You barely miss the orc. Your grab misses the orc. The orc closely misses you.
You bludgeon the orc!
You kill the orc!
You tentacle-slap the kobold.
You kill the kobold!
A quokka comes into view.
Items here: ( )) †.
You hear some strange, mumbled words.
You are confused.
You bump into the rock wall.
Something hits you.
You are poisoned.
You tentacle-slap something. Your squeeze misses something.
You feel very sick. Something hits you.
You are more poisoned.
You miss something.
You feel very sick. Something barely misses you.
You bump into the rock wall.
You feel very sick. Something hits you.
You are lethally poisoned!
You bump into the rock wall.
You feel very sick. Something hits you.
You are more poisoned.
It was a potion of magic.
Magic courses through your body.
You feel less confused.
* * * LOW HITPOINT WARNING * * *
You feel extremely sick. The quokka misses you. Something hits you!
You die...

......... #.
......... ###(
.......<. .#.
....##... ..## .
##.. ..# ##. #.#
# .# ##
#r#####...# #
#h{##.. ..#### #
##)##.# #....## #
#.##.###.##..## #
#....#........# #
##............###
#.#...........##
#.#..^.........†
#.#))........#..
#.#..........#..


You could see a quokka.

Vanquished Creatures
  A black bear (D:3)
  Ijyb (D:3)
  Natasha (D:4)
  An orc wizard (D:2)
  Robin (D:3)
  2 adders
  A shadow imp (D:3)
  A dart slug (D:1)
  A ribbon worm (D:2)
  6 orcs
  5 endoplasms (D:1)
  2 giant cockroaches (D:1)
  13 goblins
  3 hobgoblins
  4 jackals (D:1)
  7 kobolds
  A quokka (D:1)
  7 ball pythons
  6 bats
  3 frilled lizards (D:1)
  4 rats
71 creatures vanquished.

Vanquished Creatures (others)
  An arcanist (D:3)
1 creature vanquished.

Grand Total: 72 creatures vanquished

Notes
Turn   | Place    | Note
-------+----------+-------------------------------------------
     0 | D:1      | timneilson the Octopode Shapeshifter began the quest for
                  | the Orb.
     0 | D:1      | Reached XP level 1. HP: 13/13 MP: 1/1
   151 | D:1      | Reached XP level 2. HP: 15/18 MP: 2/2
   178 | D:1      | Found a faded altar of an unknown god.
   224 | D:1      | Reached skill level 1 in Stealth
   411 | D:1      | Reached XP level 3. HP: 23/23 MP: 3/3
   825 | D:2      | Reached XP level 4. HP: 29/29 MP: 4/4
  1271 | D:2      | Identified 2 scrolls of acquirement
  1271 | D:2      | Acquired a manual of Dodging
  1273 | D:2      | Acquired the ring of Lies {+Blink rCorr EV+5 Str+3}
  1295 | D:3      | Noticed Ijyb
  1309 | D:3      | Killed Ijyb
  1371 | D:3      | Noticed Robin
  1391 | D:3      | Killed Robin
  1392 | D:3      | Reached XP level 5. HP: 30/34 MP: 5/5
  1859 | D:3      | Noticed a black bear
  1958 | D:3      | Killed a black bear
  1959 | D:3      | Reached skill level 1 in Evocations
  1959 | D:3      | Reached XP level 6. HP: 41/41 MP: 6/6
  2000 | D:3      | Identified the +6 trident "Myzef" {heavy, rElec Dex+3 SInv
                  | Stlth-}
  2103 | D:3      | Found a bloodstained altar of Trog.
  2104 | D:3      | Noticed a wizard
  2110 | D:3      | Killed a wizard
  2196 | D:4      | Noticed Natasha
  2201 | D:4      | Killed Natasha
  2296 | D:4      | Slain by an orc wizard

Illustrated notes

Levels and vault maps discovered:
D:1:      minmay_arrival_widening_spiral_wide, layout_loops_ring,
          shapermc_ecumenical_altar_pompeii, minmay_misc_feat_five
D:2:      layout_loops_ring, minmay_shallow_snake_nest
D:3:      layout_rooms, trog_wizard, serial_bayou, serial_bayou_ford_a,
          serial_bayou_shore_b, serial_bayou_shore_b, serial_bayou_shore_a,
          serial_bayou_pond_c, serial_bayou_shore_b, uniq_ijyb, uniq_robin
D:4:      layout_rooms, uniq_blork_the_orc, uniq_menkaure, uniq_natasha

Skill      XL: |  1  2  3  4  5  6 |
---------------+-------------------+-----
Stealth        | 1 2 |  2.7
Fighting       | 2 |  2.9
Dodging        | 3 4 |  4.0
Unarmed Combat | 4 |  4.1
Evocations     | 1 |  1.3
Shapeshifting  | 4 |  4.0

Action                     |  1- 3 |  4- 6 || total
---------------------------+-------+-------++-------
  Melee: Unarmed           |    51 |    83 ||   134
         Constrict         |    10 |    20 ||    30
         Tentacles         |     9 |    16 ||    25
         Punch             |     2 |     3 ||     5
  Throw: Dart              |       |     2 ||     2
  Evoke: Wand              |       |     3 ||     3
    Use: Scroll            |     1 |     9 ||    10
         Potion            |       |     1 ||     1
   Stab: Sleeping          |    11 |     3 ||    14
         Distracted        |     1 |       ||     1
 Armour: Skin              |    14 |    40 ||    54
  Dodge: Dodged            |    25 |    60 ||    85

Table legend: (Time is in decaauts)
 A = Elapsed time spent in this place.
 B = Non-inter-level travel time spent in this place.
 C = Inter-level travel time spent in this place.
 D = Time resting spent in this place.
 E = Time spent auto-exploring this place.
 F = Levels seen in this place.
 G = Mean time per level.
                   A        B        C        D        E       F      G
               +--------+--------+--------+--------+--------+-----+--------+
         Total |   2297 |   2198 |     99 |    355 |   1225 |   4 |  574.2 |
       Dungeon |   2297 |   2198 |     99 |    355 |   1225 |   4 |  574.2 |
               +--------+--------+--------+--------+--------+-----+--------+

Top non-repeatable levels by time:
     D:3: 771 daAuts
     D:1: 729 daAuts
     D:2: 678 daAuts
     D:4: 118 daAuts
